Match 30220054
Unlisted

Match 30220054
End
Selects Airborne Battlegroup
Selects Airborne Battlegroup
Selects Heavy Machine Gun Paradrop
Selects Smoke Bombing Run
Heavy Machine Gun Paradrop
Engineer Squad
Construct Barracks
Heavy Machine Gun Paradrop
Heavy Machine Gun Paradrop
Selects Paratrooper Squad Paradrop
Paratrooper Squad Paradrop
Heavy Machine Gun Paradrop
Riflemen Squad
Construct Weapon Support Center
Bazooka Squad
Air Support Center
Construct Tank Depot
Selects Anti-tank Gun Team Paradrop
Anti-tank Gun Team Paradrop
P-47 Strafing Run
M4(105) Sherman Bulldozer
Paratrooper Squad Paradrop
Smoke Bombing Run
P-47 Dive Bomb
Selects Paradrop Reinforcements
Smoke Bombing Run
P-47 Dive Bomb
Anti-tank Gun Team Paradrop
Heavy Machine Gun Paradrop
Mortar Pit
M4(105) Sherman Bulldozer
P-47 Dive Bomb
Selects Dual P-47 Rocket Strike
Smoke Bombing Run
M18 Hellcat Tank Destroyer
P-47 Strafing Run
Paratrooper Squad Paradrop
M4(105) Sherman Bulldozer
P-47 Dive Bomb
Smoke Bombing Run
Grasshopper Recon Run
Anti-tank Gun Team Paradrop
Smoke Bombing Run
Anti-tank Gun Team Paradrop
Grasshopper Recon Run
P-47 Strafing Run
M4(105) Sherman Bulldozer
AI Takeover
alper
ItsEnough
Hanaken
George Smith Patton jr.
Craymar
pzkpfv11
Killerbees
hoplite1
0
0

Comments sign in to comment!

No comments posted yet!